 Dungeon Crawl Stone Soup version 0.32-a0-433-g08bcfe7efd (webtiles) character file.

Game seed: 9377809319839795603

11253 Dittersdorf the Basher (level 11, -3/73 HPs)
             Began as a Gargoyle Fighter on Feb 22, 2024.
             Was an Initiate of Gozag.
             Slain by a seven-headed hydra (5 damage)
             ... on level 9 of the Dungeon.
             The game lasted 00:15:27 (11909 turns).

Dittersdorf the Basher (Gargoyle Fighter)          Turns: 11909, Time: 00:15:28

Health: -3/73      AC: 24    Str: 25    XL:     11   Next: 74%
Magic:  11/11      EV: 10    Int: 11    God:    Gozag
Gold:   2250       SH: 17    Dex: 16    Spells: 10/10 levels left

rFire   . . .        C - +3 flail
rCold   . . .        g - +0 kite shield
rNeg    + + +        m - +4 ring mail of Cowardice {rElec Dex+7 Stlth-}
rPois   ∞            t - +0 helmet
rElec   +            (no cloak)
rCorr   +            (no gloves)
SInv    +            F - +2 pair of boots {Fly}
Will    .....        h - amulet of reflection
Stlth   x              - ring of see invisible
HPRegen 0.32/turn    e - ring "Gushroyjag" {rN++ rCorr Int+3}
MPRegen 0.12/turn

%: reflection
@: mighty, flying, studying Maces & Flails
A: sickness immunity, AC +8, negative energy resistance 1, electricity
resistance, torment resistance 1, petrification resistance
a: Renounce Religion, Potion Petition, Call Merchant, Bribe Branch


You were on level 9 of the Dungeon.
You worshipped Gozag.
Gozag was most pleased with you.
You visited 2 branches of the dungeon, and saw 11 of its levels.
You also visited: Sewer and Bailey.

You collected 2373 gold pieces.
You paid 123 gold pieces to Gozag.

Inventory:

Hand Weapons
 C - a +3 flail (weapon)
Missiles
 f - 3 throwing nets
 v - 4 curare-tipped darts (quivered)
Armour
 g - a +0 kite shield (worn)
 m - the +4 ring mail of Cowardice (worn) {rElec Dex+7 Stlth-}
   (You found it on level 2 of the Dungeon)

   Dex+7:     It affects your dexterity (+7).
   rElec:     It insulates you from electricity.
   Stlth-:    It makes you less stealthy.
 s - the +1 pair of boots of the Mind {rC+ rCorr MP-9 Str+3}
   (You found it on level 3 of the Dungeon)

   Str+3:     It affects your strength (+3).
   rC+:       It protects you from cold.
   MP-9:      It affects your magic capacity (-9).
   rCorr:     It protects you from acid and corrosion.
 t - a +0 helmet (worn)
 D - a +1 chain mail of fire resistance
 F - a +2 pair of boots of flying (worn)
Jewellery
 e - the ring "Gushroyjag" (right hand) {rN++ rCorr Int+3}
   (You acquired it on level 6 of the Dungeon)

   [ring of resist corrosion]

   Int+3:     It affects your intelligence (+3).
   rN++:      It greatly protects you from negative energy.
   rCorr:     It protects you from acid and corrosion.
 h - an amulet of reflection (around neck)
 w - a ring of ice
 x - a ring of see invisible (left hand)
 z - a ring of wizardry
Wands
 p - a wand of flame (37)
 B - a wand of quicksilver (6)
Scrolls
 b - a scroll of revelation
 c - a scroll of poison
 i - 2 scrolls of fear
 n - 4 scrolls of teleportation
 y - 2 scrolls of enchant weapon
 H - a scroll of blinking
Potions
 a - a potion of curing {unknown}
 d - a potion of might
 j - a potion of invisibility
 k - a potion of mutation
 l - 2 potions of cancellation
 o - a potion of lignification {unknown}
 q - a potion of heal wounds {unknown}
 r - a potion of haste
 u - 2 potions of degeneration {unknown}
 A - a potion of berserk rage
 E - 3 potions of brilliance {unknown}
 G - 3 potions of enlightenment


   Skills:
 + Level 10.6 Fighting
 + Level 12.2 Maces & Flails
 + Level 10.7 Armour
 + Level 10.6 Shields


You had 10 spell levels left.
You didn't know any spells.
Your spell library contained the following spells:

 Spells                   Type           Power      Damage    Failure   Level
 Magic Dart               Conj           0%         1d3       63%         1
 Blink                    Tloc           0%         N/A       77%         2
 Call Imp                 Summ           0%         N/A       77%         2
 Manifold Assault         Tloc           0%         N/A       100%        4
 Dispersal                Tloc           0%         N/A       100%        6
 Disjunction              Tloc           0%         N/A       100%        8


Dungeon Overview and Level Annotations

Branches:
Dungeon (10/15)            Temple (1/1) D:6            Lair (0/5) D:10
    Orc (0/2) D:10          Sewer (visited)          Bailey (visited)

Altars:
Ashenzari
Cheibriados
Dithmenos
Elyvilon
Fedhas
Gozag
Hepliaklqana
Kikubaaqudgha
Makhleb
Nemelex Xobeh
Okawaru
Qazlal
Ru
Sif Muna
Trog
Uskayaw
Vehumet
Wu Jian
Xom
Yredelemnul
Zin
The Shining One

Shops:
D:5 *

Annotations:
D:1 1 transporter
D:4 3 runed translucent doors, Shen's ghost, amateur CoHu
D:6 1 runed translucent door, MadMike78's ghost, novice MDFi


Innate Abilities, Weirdness & Mutations

You are immune to sickness and miasma.
Your stone body is resilient. (AC +8)
You are immune to poison.
You resist negative energy. (rN+)
You are resistant to electric shocks. (rElec)
You are resistant to unholy torment.
You are immune to petrification.


Message History

The seven-headed hydra bites you but does no damage.
You block the seven-headed hydra's attack. x2
You sock the seven-headed hydra!
The seven-headed hydra is heavily wounded.
The seven-headed hydra bites you but does no damage. x2
You block the seven-headed hydra's attack.
The seven-headed hydra bites you but does no damage.
You block the seven-headed hydra's attack.
The seven-headed hydra bites you but does no damage. x2
You feel very mighty all of a sudden. The seven-headed hydra bites you!
The seven-headed hydra closely misses you.
The seven-headed hydra bites you!
The seven-headed hydra barely misses you.
You block the seven-headed hydra's attack.
The seven-headed hydra bites you!
You block the seven-headed hydra's attack.
You bludgeon the seven-headed hydra!!
The seven-headed hydra is almost dead.
You block the seven-headed hydra's attack.
The seven-headed hydra bites you but does no damage.
The seven-headed hydra bites you!
* * * LOW HITPOINT WARNING * * *
The seven-headed hydra bites you!
* * * LOW HITPOINT WARNING * * *
The seven-headed hydra bites you but does no damage.
You block the seven-headed hydra's attack. x2
You barely miss the seven-headed hydra.
The seven-headed hydra is severely wounded.
You sock the seven-headed hydra!
The seven-headed hydra is almost dead.
The seven-headed hydra bites you but does no damage.
You block the seven-headed hydra's attack.
The seven-headed hydra bites you.
* * * LOW HITPOINT WARNING * * *
You block the seven-headed hydra's attack.
The seven-headed hydra bites you but does no damage.
The seven-headed hydra bites you.
You die...
Your body crumbles into a pile of gold.

#.######.#####.#
#....)..(......# ###
#..#####.####### ####.# #..#
#.# ...#.# #..# #.# ...#.#
#..# #.# ...#.# #..# #.#
...#.####..#####D#############
...'............@............#
...#.###...###.#.###########.#
...#.# #...# #.#.#.# #.#
####.###...###.#.#.#########.#
..........................?#.#
.....?.....###.#.#.#######.#.#
###............#.#.# #.#.# #
#...###.###..#.#.#######.#.# #
#..........................#


You could see a seven-headed hydra.

Vanquished Creatures
  2 two-headed ogres
  A tengu warrior (D:10)
  Joseph (D:8)
  A gargoyle (D:10)
  A tengu conjurer (D:10)
  A merfolk (D:9)
  A troll (D:9)
  A hornet (D:9)
  3 slime creatures (D:9)
  A wraith (D:9)
  3 wyverns
  6 yaks (D:10)
  2 steam dragons
  3 vampire mosquitoes (D:10)
  Pargi (Sewer)
  2 sky beasts
  13 orc warriors
  3 black bears
  3 ogres
  A phantom (D:5)
  4 centaurs
  2 kobold brigands
  3 bullfrogs
  A brain worm (Sewer)
  3 scorpions
  4 wights
  17 killer bees
  4 howler monkeys
  3 electric eels (D:8)
  4 bombardier beetles
  2 jellies
  3 orc priests
  2 gnoll boudas
  2 hounds
  5 iguanas
  2 sleepcaps
  12 orc wizards
  A hound zombie (D:4)
  16 gnolls
  7 adders
  A river rat (D:6)
  4 ufetubi
  2 ribbon worms
  2 dart slugs
  35 orcs
  4 bats (D:2)
  8 endoplasms
  5 giant cockroaches
  9 hobgoblins
  2 jackals (D:1)
  26 kobolds
  2 quokkas
  9 ball pythons
  7 frilled lizards
  16 goblins
  A jackal zombie (D:4)
  10 rats
290 creatures vanquished.

Notes
Turn   | Place    | Note
-------+----------+-------------------------------------------
     0 | D:1      | Dittersdorf the Gargoyle Fighter began the quest for the
                  | Orb.
     0 | D:1      | Reached XP level 1. HP: 14/14 MP: 1/1
    99 | D:1      | Reached XP level 2. HP: 17/19 MP: 2/2
   203 | D:1      | Reached XP level 3. HP: 23/23 MP: 3/3
   253 | D:1      | Found a faded altar of an unknown god.
   608 | D:2      | Reached XP level 4. HP: 22/29 MP: 4/4
   734 | D:2      | Identified the +4 ring mail of Cowardice {rElec Dex+7
                  | Stlth-}
  1425 | D:3      | Reached skill level 3 in Maces & Flails
  1425 | D:3      | Reached XP level 5. HP: 15/33 MP: 5/5
  1797 | D:3      | Identified the +1 pair of boots of the Mind {rC+ rCorr MP-9
                  | Str+3}
  1939 | D:3      | Reached XP level 6. HP: 30/39 MP: 0/6
  2351 | D:4      | Noticed a black bear
  2357 | D:4      | Killed a black bear
  2358 | D:4      | Reached skill level 5 in Armour
  2365 | D:4      | Reached skill level 5 in Fighting
  2365 | D:4      | Reached skill level 5 in Shields
  2397 | D:4      | Reached XP level 7. HP: 39/44 MP: 0/7
  2526 | D:4      | Found a runed translucent gate.
  2526 | D:4      | Found a runed translucent gate.
  2526 | D:4      | Found a runed translucent gate.
  2526 | D:4      | Noticed Shen's ghost (amateur CoHu)
  2528 | D:4      | Found a basalt altar of Yredelemnul.
  2541 | D:4      | Reached skill level 4 in Maces & Flails
  2964 | D:5      | Entered Level 5 of the Dungeon
  3301 | D:5      | Found Okhlerod's General Store.
  3428 | D:5      | Reached XP level 8. HP: 48/51 MP: 0/8
  4493 | D:6      | Found a staircase to the Ecumenical Temple.
  4500 | Temple   | Entered the Ecumenical Temple
  4514 | Temple   | Became a worshipper of Gozag Ym Sagoz the Greedy
  4609 | D:6      | Found a glowing drain.
  4613 | Sewer    | Entered a sewer
  4629 | Sewer    | Reached skill level 5 in Maces & Flails
  4667 | Sewer    | Noticed Pargi
  4678 | Sewer    | Killed Pargi
  4872 | D:6      | Identified 2 scrolls of acquirement
  4872 | D:6      | Acquired a manual of Maces & Flails
  4874 | D:6      | Acquired the ring "Gushroyjag" {rN++ rCorr Int+3}
  5482 | D:6      | Reached skill level 6 in Maces & Flails
  5600 | D:6      | Reached XP level 9. HP: 56/56 MP: 0/9
  5622 | D:6      | Found a runed translucent door.
  5623 | D:6      | Noticed MadMike78's ghost (novice MDFi)
  6195 | D:7      | Reached skill level 7 in Maces & Flails
  7042 | D:7      | Reached skill level 8 in Maces & Flails
  7444 | D:8      | Noticed a two-headed ogre
  7467 | D:8      | Killed a two-headed ogre
  7468 | D:8      | Reached skill level 9 in Maces & Flails
  7468 | D:8      | Reached XP level 10. HP: 9/65 MP: 1/10
  7469 | D:8      | Noticed Joseph
  7947 | D:8      | Killed Joseph
  9402 | D:9      | Reached skill level 10 in Maces & Flails
  9986 | D:9      | Reached XP level 11. HP: 52/72 MP: 2/11
 10268 | D:9      | Reached skill level 11 in Maces & Flails
 10519 | D:10     | Entered Level 10 of the Dungeon
 10524 | D:10     | Found a staircase to the Orcish Mines.
 10590 | D:10     | Found a flagged portal.
 10640 | D:10     | Reached skill level 10 in Armour
 10646 | D:10     | Noticed a tengu warrior
 10648 | D:10     | Reached skill level 10 in Fighting
 10648 | D:10     | Reached skill level 10 in Shields
 10663 | D:10     | Killed a tengu warrior
 10796 | Bailey   | Entered a bailey
 11359 | D:10     | Found a staircase to the Lair.
 11495 | D:10     | Reached skill level 12 in Maces & Flails
 11514 | D:10     | Noticed a two-headed ogre
 11574 | D:10     | Killed a two-headed ogre
 11856 | D:10     | Noticed a seven-headed hydra
 11909 | D:9      | HP: 2/73 [seven-headed hydra (3)]
 11909 | D:9      | Slain by a seven-headed hydra

Illustrated notes

Levels and vault maps discovered:
D:1:      spicycebolla_arrival_risky_transporter, layout_rooms,
          chequers_ecumenical_altar_lobes, kennysheep_small_spiral
D:2:      layout_loops_ring
D:3:      layout_loops_ring, serial_park_tiny_1
D:4:      layout_rooms, nicolae_yredelemnul_ghost_church,
          kennysheep_generic_room_8
D:5:      layout_layer_cave, serial_shops, nicolae_shop_behind_doors,
          serial_park_tiny_pond
D:6:      layout_gridville, minmay_temple_entry_slanted, gammafunk_ghost_grave,
          gup_sewer_entry_spiral, hangedman_abyss_or_decor_stabs,
          dreamdust_wishing_well
D:7:      layout_layer_cave
D:8:      layout_basic, st_stairs_11, uniq_joseph
D:9:      layout_basic, hangedman_fish_farm
D:10:     layout_cave_pools, lair_entry_dummy, david_orc_2, enter_bailey_5,
          serial_bayou_pond_e, kennysheep_another_room,
          hellmonk_guarded_unrand_vines
Temple:   mainiacjoe_temple_trianglar_array

Skill      XL: |  1  2  3  4  5  6  7  8  9 10 11 |
---------------+----------------------------------+-----
Shields        | 4 5 6 8 9 10 | 10.6
Armour         | 4 5 6 8 9 10 | 10.7
Fighting       | 4 5 6 8 9 10 | 10.6
Maces & Flails | 3 4 6 9 10 12 | 12.2

Action                     |  1- 3 |  4- 6 |  7- 9 | 10-12 || total
---------------------------+-------+-------+-------+-------++-------
  Melee: Flail             |    84 |   180 |   384 |   525 ||  1173
  Throw: Dart              |       |       |     5 |     8 ||    13
    Use: Scroll            |       |       |    18 |     4 ||    22
         Potion            |       |       |       |     1 ||     1
   Stab: Distracted        |       |       |     1 |     5 ||     6
 Armour: Scale mail        |    75 |     3 |       |       ||    78
         Ring mail         |       |   144 |   336 |   352 ||   832
  Dodge: Dodged            |    50 |    85 |   228 |   215 ||   578
  Block: Buckler           |    21 |    62 |   209 |   264 ||   556
         Reflection        |       |       |     3 |    48 ||    51
         Kite shield       |       |       |       |   213 ||   213

Table legend: (Time is in decaauts)
 A = Elapsed time spent in this place.
 B = Non-inter-level travel time spent in this place.
 C = Inter-level travel time spent in this place.
 D = Time resting spent in this place.
 E = Time spent auto-exploring this place.
 F = Levels seen in this place.
 G = Mean time per level.
                   A        B        C        D        E       F      G
               +--------+--------+--------+--------+--------+-----+--------+
         Total |  12072 |  11695 |    377 |   1029 |   7780 |  13 |  928.6 |
       Dungeon |  11337 |  10960 |    377 |    939 |   7577 |  10 | 1133.7 |
        Temple |     27 |     27 |      0 |      0 |      0 |   1 |   27.0 |
         Sewer |    186 |    186 |      0 |      7 |      0 |   1 |  186.0 |
        Bailey |    520 |    520 |      0 |     83 |    203 |   1 |  520.0 |
               +--------+--------+--------+--------+--------+-----+--------+

Top non-repeatable levels by time:
     D:8: 1955 daAuts
     D:5: 1503 daAuts
     D:6: 1452 daAuts
     D:7: 1362 daAuts
     D:9: 1171 daAuts
     D:3: 996 daAuts
    D:10: 832 daAuts
     D:2: 786 daAuts
     D:4: 705 daAuts
     D:1: 571 daAuts
  Bailey: 520 daAuts
   Sewer: 186 daAuts
  Temple: 27 daAuts
